Map: Bel'Shir Vestige LE (Void)

Players

Oobios

  • Race: Zerg Zerg
  • Spawn Location: 5:00

RaiN - Winner!

  • Race: Protoss Protoss
  • Spawn Location: 11:00

Event: WCS Austin 2017

VOD

Have the link to the VOD?

Description

Time

  • Played on: April 28, 2017, 1:50 p.m.
  • Length: 10:18

All games in this series

Show
View Real Time Build Order
Export as new Build Order

Oobios Zerg 

Build Orders: Hatch First 

Get SALT Encoding   

  12  0:00  Drone  
  13  0:10  Drone  
  14  0:17  Overlord  
  14  0:25  Extractor  
  14  0:27  Drone  
  15  0:36  Drone x2  
  17  0:45  Drone  
  18  0:59  Drone, Hatchery  
  18  1:15  Spawning Pool, Drone  
  18  1:18  Extractor  
  18  1:20  Drone  
  18  1:27  Drone  
  19  1:45  Drone  
  20  1:49  Drone  
  21  2:00  Overlord  
  21  2:11  Queen  
  21  2:12  Queen  
  21  2:13  Zergling x4  
  27  2:20  Drone  
  27  2:21  Metabolic Boost  
  28  2:23  Drone  
  29  2:31  Drone  
  29  2:34  Drone  
  31  2:46  Overlord  
  31  2:48  Queen  
  33  2:55  Drone  
  34  3:02  Hatchery  
  34  3:03  Drone  
  34  3:04  Drone x2  
  34  3:05  Drone  
  37  3:14  Drone  
  37  3:18  Drone x2  
  40  3:23  Zergling x8  
  44  3:30  Extractor  
  44  3:32  Overlord  
  44  3:33  Overlord  
  43  3:51  Drone x3  
  43  3:52  Drone  
  43  3:53  Lair  
  46  3:56  Evolution Chamber  
  45  4:06  Drone  
  45  4:07  Spore Crawler  
  45  4:09  Drone x2  
  47  4:10  Drone x2  
  49  4:20  Drone, Queen  
  52  4:26  Zergling x12  
  55  4:32  Extractor  
  55  4:33  Spore Crawler  
  55  4:34  Zerg Missile Weapons Level 1, Extractor  
  55  4:36  Evolution Chamber  
  55  4:37  Drone  
  55  4:38  Drone  
  53  4:41  Drone  
  53  4:43  Drone  
  55  4:46  Drone  
  54  4:55  Zergling x10  
  54  4:56  Zergling x2  
  60  5:02  Hydralisk Den  
  60  5:04  Drone x2  
  60  5:06  Drone  
  62  5:23  Spine Crawler  
  62  5:24  Spine Crawler  
  62  5:28  Zergling x8  
  59  5:29  Zergling x6  
  65  5:40  Zergling x14  
  65  5:41  Zergling x6  
  52  5:52  Zergling x4  
  52  5:54  Zergling x4, Hydralisk  
  50  5:59  Hydralisk  
  45  6:06  Hydralisk  
  45  6:11  Drone  
  45  6:17  Drone x2  
  46  6:22  Drone  
  46  6:23  Drone  
  48  6:30  Drone  
  48  6:31  Drone  
  50  6:36  Drone  
  50  6:39  Drone  
  49  6:40  Drone x2  
  49  6:42  Drone  
  49  6:44  Drone  
  51  6:50  Drone x2  
  51  6:51  Drone  
  51  6:53  Drone  
  55  6:57  Drone x2  
  57  7:02  Drone x2  
  57  7:03  Drone  
  57  7:08  Drone  
  61  7:09  Drone x2  
  61  7:10  Drone  
  61  7:11  Drone  
  65  7:24  Overlord x3  
  65  7:32  Muscular Augments  
  65  7:33  Overlord x3  
  65  7:36  Overlord  
  65  7:37  Overlord  
  65  7:45  Drone x2  
  65  7:46  Drone x5  
  65  7:48  Drone  
  65  7:49  Drone  
  65  7:50  Drone  
  75  7:55  Hydralisk  
  75  7:56  Hydralisk  
  79  8:06  Hydralisk x2  
  79  8:07  Hydralisk x2  
  87  8:14  Drone x3  
  87  8:15  Extractor x2  
  87  8:17  Drone x2  
  87  8:18  Drone x2  
  87  8:19  Zerg Ground Armor Level 1  
  92  8:27  Hydralisk x2  
  92  8:31  Overseer  
  96  8:35  Hydralisk x3  
  96  8:39  Hydralisk  
  96  8:40  Hydralisk  
  105  8:44  Hydralisk x2  
  109  8:52  Hydralisk x4  
  117  8:56  Hydralisk  
  117  8:58  Hydralisk  
  121  9:03  Overlord x3  
  121  9:15  Overlord x2  
  121  9:20  Hydralisk x2  
  121  9:21  Hydralisk x4  
  127  9:32  Hydralisk x3  
  127  9:33  Hydralisk  
  127  9:37  Hydralisk  
  113  9:41  Zergling x12  
  113  9:44  Zergling x6  
  118  9:48  Hydralisk  
  118  9:51  Hydralisk  
  101  9:53  Hydralisk  
Show
View Real Time Build Order
Export as new Build Order

RaiN Protoss - Winner!

Build Orders: 1 Gate Expand 

Get SALT Encoding   

  12  0:00  Probe (Chrono Boost)  
  13  0:11  Probe (Chrono Boost)  
  14  0:20  Pylon  
  14  0:22  Probe (Chrono Boost)  
  15  0:38  Probe (Chrono Boost)  
  15  0:42  Gateway  
  16  0:47  Gateway  
  16  0:51  Assimilator  
  16  0:53  Probe (Chrono Boost)  
  17  1:03  Probe (Chrono Boost)  
  18  1:14  Probe (Chrono Boost)  
  19  1:24  Nexus  
  19  1:38  Cybernetics Core  
  20  1:40  Probe (Chrono Boost)  
  20  1:48  Assimilator  
  20  1:52  Probe (Chrono Boost)  
  21  1:55  Pylon  
  21  2:04  Probe (Chrono Boost)  
  22  2:15  Probe (Chrono Boost), Warp Gate  
  23  2:17  Adept  
  25  2:25  Twilight Council  
  25  2:27  Probe (Chrono Boost)  
  26  2:36  Probe (Chrono Boost)  
  27  2:40  Probe (Chrono Boost)  
  28  2:47  Gateway  
  28  2:49  Probe (Chrono Boost)  
  28  2:51  Adept  
  30  2:52  Probe (Chrono Boost)  
  30  2:53  Resonating Glaives  
  32  3:00  Probe (Chrono Boost)  
  34  3:07  Probe (Chrono Boost)  
  34  3:11  Probe (Chrono Boost)  
  37  3:21  Mothership Core (Chrono Boost), Adept  
  40  3:27  Probe (Chrono Boost)  
  40  3:34  Pylon, Adept  
  40  3:39  Probe (Chrono Boost)  
  40  3:40  Probe (Chrono Boost)  
  44  3:51  Probe (Chrono Boost)  
  44  3:53  Probe (Chrono Boost)  
  44  3:55  Gateway  
  46  3:56  Pylon  
  46  4:01  Assimilator  
  47  4:03  Probe (Chrono Boost)  
  47  4:05  Probe (Chrono Boost)  
  48  4:10  Stargate  
  48  4:15  Probe (Chrono Boost)  
  50  4:17  Probe (Chrono Boost)  
  50  4:20  Adept x2  
  54  4:27  Probe (Chrono Boost)  
  54  4:33  Probe (Chrono Boost)  
  56  4:39  Probe (Chrono Boost)  
  56  4:41  Adept x2  
  59  4:49  Probe (Chrono Boost)  
  60  4:54  Adept  
  62  5:01  Nexus  
  62  5:03  Pylon  
  62  5:05  Robotics Facility  
  62  5:06  Pylon  
  62  5:07  Forge  
  62  5:34  Pylon  
  62  5:36  Assimilator  
  62  5:37  Pylon  
  62  5:40  Pylon  
  62  5:48  Probe x2 (Chrono Boost)  
  62  5:54  Protoss Ground Weapons Level 1  
  62  5:56  Immortal  
  60  5:58  Adept  
  60  5:59  Adept x2  
  60  6:00  Probe x2 (Chrono Boost)  
  68  6:12  Void Ray  
  68  6:23  Probe x2 (Chrono Boost)  
  70  6:27  Adept  
  70  6:28  Adept  
  70  6:29  Sentry  
  76  6:34  Immortal, Pylon, Nexus  
  76  6:36  Pylon  
  76  6:38  Pylon  
  78  6:49  Adept x2  
  78  6:54  Gateway  
  82  6:55  Gateway  
  82  6:57  Gateway  
  82  6:58  Gateway  
  82  7:00  Pylon  
  82  7:06  Adept  
  84  7:10  Adept x2  
  88  7:17  Observer  
  91  7:22  Probe (Chrono Boost)  
  91  7:23  Probe (Chrono Boost)  
  91  7:29  Void Ray  
  95  7:32  Sentry  
  95  7:33  Warp Prism, Sentry x2  
  101  7:38  Dark Shrine  
  103  7:50  Photon Cannon  
  103  7:51  Probe (Chrono Boost)  
  105  7:52  Probe (Chrono Boost)  
  105  7:53  Probe (Chrono Boost), Photon Cannon  
  106  8:01  Sentry  
  106  8:02  Sentry x2  
  106  8:03  Adept x2  
  106  8:04  Adept  
  118  8:05  Adept  
  118  8:11  Probe (Chrono Boost)  
  118  8:12  Probe x2 (Chrono Boost)  
  123  8:19  Protoss Ground Armor Level 1  
  123  8:22  Probe (Chrono Boost)  
  123  8:24  Probe x2 (Chrono Boost)  
  123  8:25  Assimilator  
  123  8:26  Assimilator, Adept x3  
  132  8:34  Pylon  
  132  8:35  Pylon  
  132  8:37  Pylon  
  132  8:47  Probe (Chrono Boost)  
  133  8:52  Probe (Chrono Boost)  
  134  8:55  Pylon  
  134  8:57  Sentry  
  134  8:58  Sentry x3  
  134  9:00  Adept x2  
  146  9:04  Nexus  
  146  9:15  Stalker  
  147  9:20  Stalker x2  
  147  9:21  Stalker x2  
  147  9:22  Stalker  
  119  9:38  Adept  
  119  9:39  Adept  
  119  9:45  Adept x5  
  111  9:59  Adept x2  
  101  10:04  Probe (Chrono Boost)  
  101  10:06  Probe x2 (Chrono Boost)  
Tags
 
Add a new tag
Caveats
  • Supply blocks, unpowered buildings, or Contaminate may cause inaccurate times.
  • Supply counts are checked every 10 seconds.